[Event "ICC tourney 2941 (30 10)"]
[Site "Internet Chess Club"]
[Date "2022.06.18"]
[Round "4"]
[White "JIMENEZ, LUIS A:eltuna"]
[Black "Mason, Mike W:MikeWMason"]
[Result "0-1"]
[ICCResult "White resigns"]
[WhiteElo "1433"]
[BlackElo "1555"]
[Opening "QGD: Albin counter-gambit, Alapin variation"]
[ECO "D08"]
[NIC "QG.02"]
[Time "18:02:19"]
[PlyCount "82"]
[TimeControl "1800+10"]

1. d4 d5 2. c4 e5 3. dxe5 d4 4. Nf3 Nc6 5. Nbd2 Nge7 6. a3 Ng6 7. b4 Be7 8.
g3 Bg4 9. Bg2 O-O 10. O-O Qd7 11. Bb2 d3 12. exd3 Qxd3 13. Qb3 Rad8 14. Rfe1
Qxb3 15. Nxb3 Rd3 16. Nbd2 Rfd8 17. h3 Be6 18. Re2 h6 19. Rc1 Nf8 20. Rc3
Nh7 21. Rxd3 Rxd3 22. Ne1 Rd8 23. c5 Nd4 24. Re4 Nb5 25. Ndf3 c6 26. Nd4 Bd5
27. Nec2 Bxe4 28. Bxe4 Nxd4 29. Nxd4 Ng5 30. Bg2 g6 31. f4 Ne6 32. Nf3 Rd1+
33. Kf2 Rb1 34. Bd4 Rb3 35. Ke2 Rxa3 36. Bf2 a5 37. bxa5 Rxa5 38. Nd2 Nxc5
39. Nc4 Ra2+ 40. Kf3 Nd3 41. Bb6 Ne1+ {White resigns} 0-1

[Event "ICC tourney 2941 (30 10)"]
[Site "Internet Chess Club"]
[Date "2022.06.18"]
[Round "5"]
[White "LaRosa, Peyton Stevenson:MarchManetee"]
[Black "LEONG, GEE:geeleong"]
[Result "1-0"]
[ICCResult "Black resigns"]
[WhiteElo "1219"]
[BlackElo "1697"]
[Opening "Queen's pawn: London system"]
[ECO "A45"]
[NIC "QP.07"]
[Time "20:00:14"]
[PlyCount "53"]
[TimeControl "1800+10"]

1. d4 Nf6 2. Bf4 d6 3. Nf3 g6 4. e3 Bg7 5. h3 c6 6. c4 Qb6 7. Qb3 Nbd7 8.
Nbd2 Qa5 9. Bd3 c5 10. Qc3 Qxc3 11. bxc3 O-O 12. O-O a6 13. a4 Re8 14. Bh2
e5 15. Bc2 h6 16. a5 Nh7 17. Ne4 Bf8 18. dxe5 Nxe5 19. Nxe5 dxe5 20. Rfd1 f5
21. Nd6 Re6 22. Nxc8 Rxc8 23. Rd7 Rb8 24. Rb1 b5 25. cxb5 axb5 26. Bb3 c4
27. Bxc4 {Black resigns} 1-0

[Event "ICC tourney 2941 (30 10)"]
[Site "Internet Chess Club"]
[Date "2022.06.18"]
[Round "5"]
[White "PEREZ GONZALEZ, DAVID ALBERTO:Davidorcinus"]
[Black "Berkshire, Ryan Irvin:RyanBerkshireW"]
[Result "1-0"]
[ICCResult "Black resigns"]
[WhiteElo "1650"]
[BlackElo "1573"]
[Opening "Ruy Lopez: Berlin defense"]
[ECO "C65"]
[NIC "RL.07"]
[Time "20:00:09"]
[PlyCount "59"]
[TimeControl "1800+10"]

1. e4 e5 2. Nf3 Nc6 3. Bb5 Nf6 4. d3 Bc5 5. O-O d6 6. Nbd2 h6 7. Re1 Bg4 8.
Nf1 O-O 9. h3 Nd4 10. hxg4 Nxb5 11. g5 hxg5 12. Bxg5 Nd4 13. Ng3 Qe7 14. Nh4
Qe6 15. c3 Nc6 16. Nhf5 Nh7 17. Be3 g6 18. Qg4 Kh8 19. Bxc5 dxc5 20. Ne3
Qxg4 21. Nxg4 f5 22. exf5 gxf5 23. Nxe5 Nxe5 24. Rxe5 f4 25. Ne4 b6 26. Re7
Rae8 27. Rxc7 a5 28. f3 Re6 29. Rxh7+ Kxh7 30. Ng5+ {Black resigns} 1-0

[Event "ICC tourney 2941 (30 10)"]
[Site "Internet Chess Club"]
[Date "2022.06.18"]
[Round "5"]
[White "SIEGEL, MARC SETH:DEEEFENDER"]
[Black "BRUDNO, STEPHEN:StevChess01"]
[Result "1-0"]
[ICCResult "Black resigns"]
[WhiteElo "1627"]
[BlackElo "1532"]
[Opening "Sicilian: O'Kelly variation"]
[ECO "B28"]
[NIC "SI.43"]
[Time "20:00:14"]
[PlyCount "83"]
[TimeControl "1800+10"]

1. e4 c5 2. Nf3 a6 3. d4 cxd4 4. Nxd4 Nf6 5. Nc3 e5 6. Nf3 Bb4 7. Bc4 O-O 8.
O-O d6 9. Nd5 Nxd5 10. Bxd5 Nc6 11. c3 Bc5 12. b4 Bb6 13. a4 h6 14. a5 Bc7
15. Qd3 Kh8 16. Rd1 f5 17. Be3 Ne7 18. c4 Nxd5 19. Qxd5 fxe4 20. Qxe4 Qf6
21. Rac1 Qf5 22. Nd2 Qxe4 23. Nxe4 Bf5 24. Nxd6 Bxd6 25. Rxd6 Rad8 26. Rb6
Rd7 27. f3 Rc8 28. b5 axb5 29. cxb5 Rxc1+ 30. Bxc1 Rd1+ 31. Kf2 Rxc1 32.
Rxb7 Bd3 33. a6 Ra1 34. a7 Kh7 35. b6 Bf5 36. Rb8 e4 37. a8=Q Rxa8 38. Rxa8
exf3 39. b7 Be4 40. b8=Q Bxa8 41. Qxa8 fxg2 42. Qxg2 {Black resigns} 1-0

[Event "ICC tourney 2941 (30 10)"]
[Site "Internet Chess Club"]
[Date "2022.06.18"]
[Round "5"]
[White "GRIFFIN, MILES NATHANIEL:Vectarious"]
[Black "CUDMORE, B ANDREW:rootbeerplus200"]
[Result "1-0"]
[ICCResult "Black checkmated"]
[WhiteElo "1648"]
[BlackElo "1565"]
[Opening "Philidor's defense"]
[ECO "C41"]
[NIC "KP.10"]
[Time "20:00:24"]
[PlyCount "57"]
[TimeControl "1800+10"]

1. e4 e5 2. Nf3 d6 3. Bc4 Be6 4. Bxe6 fxe6 5. c3 Nc6 6. Qb3 Qc8 7. d4 exd4
8. cxd4 Be7 9. e5 dxe5 10. dxe5 Bb4+ 11. Nc3 Nge7 12. O-O O-O 13. Ng5 Bxc3
14. bxc3 Nd5 15. c4 Nb6 16. Qd3 g6 17. Qh3 Qd7 18. Ba3 Rf5 19. Rad1 Qg7 20.
Nxe6 Qxe5 21. Rfe1 Qf6 22. Nxc7 Rd8 23. Ne8 Rxd1 24. Nxf6+ Rxf6 25. Rxd1
Nxc4 26. Qc8+ Kg7 27. Rd7+ Kh6 28. Bc1+ Kh5 29. Rxh7# {Black checkmated} 1-0

[Event "ICC tourney 2941 (30 10)"]
[Site "Internet Chess Club"]
[Date "2022.06.18"]
[Round "5"]
[White "HAMLETT, JAMES MORRISON:Hamlett144"]
[Black "BAI, JEFFREY:Jeffchess"]
[Result "1-0"]
[ICCResult "Black checkmated"]
[WhiteElo "1249"]
[BlackElo "1254"]
[Opening "French: Réti (Spielmann) variation"]
[ECO "C00"]
[NIC "FR.01"]
[Time "20:01:22"]
[PlyCount "177"]
[TimeControl "1800+10"]

1. e4 e6 2. b3 a6 3. Bb2 Nf6 4. e5 Nd5 5. Nf3 d6 6. Nc3 Nxc3 7. dxc3 d5 8.
c4 c6 9. Be2 Bb4+ 10. c3 Ba5 11. b4 Bb6 12. c5 Bc7 13. O-O O-O 14. a4 Nd7
15. Qd4 f5 16. exf6 Qxf6 17. Qd2 Bf4 18. Qc2 Ne5 19. Nxe5 Bxe5 20. Bd3 Kh8
21. Bxh7 Qh4 22. f4 Bxf4 23. g3 Be3+ 24. Kg2 Qe7 25. Rxf8+ Qxf8 26. Rf1 Qe7
27. Qg6 Qd8 28. Rf7 Bh6 29. c4 d4 30. Bxd4 e5 31. Be3 Bf5 32. Qxf5 Bxe3 33.
Qxe5 Bd4 34. Qf5 Bf6 35. Bg6 Qd2+ 36. Kh3 Qh6+ 37. Qh5 Qxh5+ 38. Bxh5 b5 39.
cxb6 Rb8 40. b7 Bc3 41. b5 axb5 42. axb5 c5 43. Bf3 Ba5 44. Rf5 Bb6 45. Bd5
g6 46. Rf6 Bd8 47. Rxg6 Kh7 48. Rc6 Rxb7 49. Rxc5 Rb6 50. Rc6 Rb8 51. Kg4
Kg7 52. Kf5 Ba5 53. h3 Rf8+ 54. Kg4 Rb8 55. Ra6 Bb6 56. Ra8 Rxa8 57. Bxa8
Kf6 58. Kh5 Kf5 59. g4+ Ke5 60. g5 Bc5 61. g6 Kf6 62. Bd5 Kg7 63. h4 Be3 64.
Be4 Kf6 65. Kg4 Bd4 66. h5 Kg7 67. Kf5 Kh6 68. Bf3 Kg7 69. Ke6 Be3 70. Kd5
Kf6 71. c5 Bf4 72. c6 Bc7 73. Bg4 Ba5 74. Kd6 Bb4+ 75. Kd7 Bc3 76. c7 Kg5
77. c8=Q Bg7 78. Qc4 Kh4 79. b6 Be5 80. b7 Kg5 81. Qd5 Kf4 82. Qxe5+ Kxe5
83. b8=Q+ Kf6 84. Qf8+ Kg5 85. Qf5+ Kh4 86. h6 Kg3 87. Qf3+ Kh2 88. Qf2+ Kh1
89. Bf3# {Black checkmated} 1-0

[Event "ICC tourney 2941 (30 10)"]
[Site "Internet Chess Club"]
[Date "2022.06.18"]
[Round "5"]
[White "WU, DARREN:chessboy111"]
[Black "Relan, Mihir:mihirrelan15"]
[Result "0-1"]
[ICCResult "White resigns"]
[WhiteElo "1173"]
[BlackElo "1484"]
[Opening "Two knights defense"]
[ECO "C56"]
[NIC "KP.02"]
[Time "20:00:22"]
[PlyCount "58"]
[TimeControl "1800+10"]

1. e4 e5 2. Nf3 Nc6 3. d4 exd4 4. Bc4 Nf6 5. O-O Nxe4 6. Re1 d5 7. Bxd5 Qxd5
8. Nc3 Qa5 9. Nxe4 Be6 10. Bf4 O-O-O 11. a3 h6 12. b4 Qf5 13. Bg3 Bd5 14.
Ned2 Bd6 15. Bxd6 Rxd6 16. b5 Na5 17. Nxd4 Qg5 18. f3 Rg6 19. Re2 Rd8 20.
Rb1 Ba2 21. Rb4 c5 22. bxc6 Nxc6 23. Nxc6 Rxc6 24. f4 Qc5+ 25. Kh1 Qxc2 26.
Qe1 Qc1 27. Rbe4 Qxe1+ 28. Rxe1 Rxd2 29. Re8+ Rd8 {White resigns} 0-1

[Event "ICC tourney 2941 (30 10)"]
[Site "Internet Chess Club"]
[Date "2022.06.18"]
[Round "5"]
[White "Anthony, Joseph:ajk170378"]
[Black "Dungi, Santosh:santoshroopak"]
[Result "1-0"]
[ICCResult "Black resigns"]
[WhiteElo "1534"]
[BlackElo "1691"]
[Opening "English, 1...Nf6 (Anglo-Indian defense)"]
[ECO "A13"]
[NIC "RE.11"]
[Time "20:00:15"]
[PlyCount "73"]
[TimeControl "1800+10"]

1. c4 Nf6 2. g3 e6 3. Bg2 d5 4. Nf3 c6 5. O-O Be7 6. d4 O-O 7. Nc3 Nbd7 8.
b3 b6 9. Bb2 Ba6 10. Qd3 Qc7 11. e3 Rad8 12. Rac1 c5 13. Rfd1 dxc4 14. bxc4
cxd4 15. Nb5 Qb8 16. exd4 Bb7 17. Qb3 a6 18. Nc3 Qa8 19. d5 exd5 20. Nxd5
Nxd5 21. cxd5 Nc5 22. Qe3 Rfe8 23. Qf4 Rxd5 24. Rxd5 Bxd5 25. Ng5 h6 26. Qf5
Bxg5 27. Bxd5 Qa7 28. f4 Re2 29. fxg5 Rxb2 30. g6 Qb8 31. gxf7+ Kf8 32. Qh7
Ke7 33. Qxg7 Kd6 34. f8=Q+ Qxf8 35. Qxf8+ Kxd5 36. Qf7+ Kc6 37. Qf6+
{Black resigns}
1-0

[Event "ICC tourney 2941 (30 10)"]
[Site "Internet Chess Club"]
[Date "2022.06.18"]
[Round "5"]
[White "Mason, Mike W:MikeWMason"]
[Black "SULTAN, BASHIR Cisse:muzikmixer"]
[Result "1-0"]
[ICCResult "Black resigns"]
[WhiteElo "1555"]
[BlackElo "1545"]
[Opening "Robatsch defense: Pseudo-Austrian attack"]
[ECO "B06"]
[NIC "KF.05"]
[Time "20:01:21"]
[PlyCount "63"]
[TimeControl "1800+10"]

1. e4 g6 2. d4 Bg7 3. Nc3 d6 4. f4 a6 5. Nf3 b5 6. a3 Nd7 7. Bd3 c5 8. Be3
Nh6 9. h3 Bb7 10. Qd2 cxd4 11. Bxd4 e5 12. Be3 exf4 13. Bxf4 Ne5 14. O-O Ng8
15. Rad1 Ne7 16. Be2 O-O 17. Qxd6 Qxd6 18. Rxd6 N7c6 19. Rfd1 Rfe8 20. Nd5
Nxf3+ 21. Bxf3 Ne5 22. Nc7 Nc4 23. Nxe8 Nxb2 24. Nxg7 Nxd1 25. Rxd1 Kxg7 26.
Rd7 Bc6 27. Be5+ Kg8 28. Rc7 Re8 29. Bf6 Re6 30. e5 Be8 31. Bd5 Rxf6 32.
exf6 {Black resigns} 1-0

[Event "ICC tourney 2941 (30 10)"]
[Site "Internet Chess Club"]
[Date "2022.06.18"]
[Round "5"]
[White "LOPEZ, FRANCISCO JAVIER:steinutz"]
[Black "MOHAMMAD, SRUSH:Bruv"]
[Result "0-1"]
[ICCResult "White checkmated"]
[WhiteElo "1621"]
[BlackElo "1418"]
[Opening "Queen's pawn, Mason variation"]
[ECO "D00"]
[NIC "QP.08"]
[Time "20:00:50"]
[PlyCount "84"]
[TimeControl "1800+10"]

1. d4 d5 2. Bf4 e6 3. Nf3 Bd6 4. Bg3 Bxg3 5. hxg3 Nf6 6. e3 Nbd7 7. Bd3 c5
8. c3 a6 9. a4 b6 10. Nbd2 Bb7 11. Ng5 h6 12. f4 Rf8 13. Ngf3 Rc8 14. Ne5
Nxe5 15. fxe5 Ne4 16. Bxe4 dxe4 17. Qg4 Qg5 18. Qxg5 hxg5 19. Nc4 Ke7 20.
Nd6 Rc7 21. Rh5 f6 22. Rh7 Rg8 23. O-O-O Bd5 24. Rf1 cxd4 25. exd4 f5 26. g4
f4 27. g3 f3 28. Kd2 b5 29. axb5 axb5 30. Ke3 Ra7 31. Nxe4 b4 32. Nf6 Kf7
33. Nxd5 exd5 34. Rxf3+ Ke6 35. Kd2 b3 36. Rf5 Ra2 37. c4 dxc4 38. Kc3 Kd5
39. Rxg5 Ra1 40. Rhxg7 Rc1+ 41. Kb4 Rb8+ 42. Ka5 Ra1# {White checkmated} 0-1

[Event "ICC tourney 2941 (30 10)"]
[Site "Internet Chess Club"]
[Date "2022.06.18"]
[Round "5"]
[White "LIN, LEIA:K05-17110828"]
[Black "JIMENEZ, LUIS A:eltuna"]
[Result "1-0"]
[ICCResult "Black resigns"]
[WhiteElo "1268"]
[BlackElo "1433"]
[Opening "Caro-Kann: advance variation"]
[ECO "B12"]
[NIC "CK.04"]
[Time "20:02:24"]
[PlyCount "147"]
[TimeControl "1800+10"]

1. e4 c6 2. d4 d5 3. e5 Bf5 4. Nf3 e6 5. Be3 Qb6 6. b3 c5 7. c3 Nc6 8. Be2
cxd4 9. Bxd4 Nxd4 10. Nxd4 Bg6 11. Bb5+ Kd8 12. O-O Rc8 13. c4 Bc5 14. Ne2
a6 15. Ba4 d4 16. Nf4 Ne7 17. a3 a5 18. Nd2 Nc6 19. Nf3 Ke7 20. Nd3 Rhd8 21.
Qd2 Kf8 22. Rfd1 Bxd3 23. Qxd3 Kg8 24. Re1 h6 25. Re2 Ne7 26. Ne1 Ng6 27.
Qd2 Qc7 28. Nd3 Be7 29. Ree1 Bg5 30. Qc2 Bf4 31. Qe2 Bg5 32. h3 Nf4 33. Nxf4
Bxf4 34. Rad1 Qe7 35. Ra1 Rc5 36. Qd3 Rxe5 37. Red1 Rg5 38. Qf3 Qc7 39. Qe4
Re5 40. Qd3 Qe7 41. Qf3 Bg5 42. Qg3 Bf6 43. Qd3 Rg5 44. Qf3 e5 45. Qe4 g6
46. Rd3 Rf5 47. g3 Bg7 48. Rdd1 Rf6 49. Rd3 Rfd6 50. b4 axb4 51. axb4 f5 52.
Qe2 e4 53. c5 Re6 54. Bb3 Kf7 55. Re1 Re8 56. Rdd1 d3 57. Qe3 Bc3 58. Rf1
Bxb4 59. Bxe6+ Qxe6 60. Rb1 Bc3 61. Rxb7+ Kf6 62. Rb6 Rd8 63. Rxe6+ Kxe6 64.
Rd1 Bg7 65. Qf4 g5 66. Qd2 Bd4 67. Qa2+ Ke5 68. c6 e3 69. Qa5+ Ke4 70. fxe3
Kxe3 71. Qd2+ Kf3+ 72. Kh2 Re8 73. Qxd3+ Be3 74. Qxf5+ {Black resigns} 1-0